 Dungeon Crawl Stone Soup: Circus Animals version 1.7-37-g2c94cca (webtiles) character file.

5562 DarthKuruptios the Arsonist (level 13, -2/123 HPs) *STANDARD*
             Began as a Gargoyle Earth Elementalist on Aug 30, 2016.
             Was the Champion of Vehumet.
             Slain by an iron troll (11 damage)
             ... on level 4 of the Lair of Beasts.
             The game lasted 02:02:41 (16920 turns).

DarthKuruptios the Arsonist (GrEE)                 Turns: 16920, Time: 02:02:41

Health: -2/123     AC: 15    Str: 12    XL:     13   Next: 5%
Magic:  1/125      EV: 15    Int: 18    God:    Vehumet [******]
Gold:   810        SH:  0    Dex: 24    Spells: 4 memorised, 4 levels left

rFire  . . .     rPois    ∞     y - staff of time
rCold  + . .     rElec    +     c - +0 robe
rNeg   + . .     rCorr    .     (no shield) MagicSh . . . SeeInvis .
                                t - +0 helmet of Springtime {*Corrode +Blink rElec Dex+4} StaminaSh . . . Faith +
                                j - +2 cloak RegenHP +++.......
SustAt .                        (no gloves) RegenSP ++........ Dismiss .
                                l - +2 pair of boots RegenMP +++....... Reflect .
                                D - amulet "Piskarep" {Faith rC+ Dex+3}
MR     .....     Harm     .     z - ring of magical power
Stlth  ++........               i - +4 ring of dexterity

@: tired, slow, not resistant to hostile enchantments, unstealthy
A: negative energy resistance 1, electricity resistance, unbreathing,
petrification resistance, rot immunity, slow stamina regeneration 1, AC +9
a: Renounce Religion, Evoke Blink


You were on level 4 of the Lair of Beasts.
You worshipped Vehumet.
Vehumet was exalted by your worship.
You were not hungry.

You visited 2 branches of the dungeon, and saw 11 of its levels.
You also visited: Labyrinth.

You collected 810 gold pieces.

Inventory:

Hand Weapons
 h - a +0 whip of venom
Missiles
 b - 162 stones
Armour
 c - a +0 robe (worn)
 j - a +2 cloak (worn)
 l - a +2 pair of boots (worn)
 p - a +0 chain mail
 t - the +0 helmet of Springtime (worn) {*Corrode +Blink rElec Dex+4}
   (You found it on level 2 of the Lair of Beasts)

   It affects your dexterity (+4).
   It insulates you from electricity.
   It lets you blink.
   It may corrode you when you take damage.
 w - a +0 fire dragon armour
Magical Staves
 r - an uncursed staff of cold
 y - an uncursed staff of time (weapon)
 C - an uncursed staff of summoning
Rods
 u - a +1 rod of shadows (12/12)
   (You took it off a minotaur in a labyrinth)
Jewellery
 a - an uncursed ring of see invisible
 d - an uncursed ring of protection from fire
 f - a +3 ring of evasion
 g - an uncursed ring of fire
 i - a +4 ring of dexterity (left hand)
 k - an uncursed ring of magical power
 m - a +5 ring of slaying
 v - the ring "Gimin" {*Contam +Fly rF++ Int+2 Stlth+}
   (You took it off a minotaur in a labyrinth)

   [ring of flight]

   It affects your intelligence (+2).
   It greatly protects you from fire.
   It lets you fly.
   It causes magical contamination when unequipped.
   It makes you more stealthy.
 z - a ring of magical power (right hand)
 D - the amulet "Piskarep" (around neck) {Faith rC+ Dex+3}
   (You found it on level 3 of the Lair of Beasts)

   [amulet of faith]

   It allows you to gain divine favour quickly.
   It affects your dexterity (+3).
   It protects you from cold.
Wands
 n - a wand of lightning (11/15)
 o - a wand of slowing (72/144)
 s - a wand of digging (16/24)
 A - a wand of polymorph (7/24)
 B - a wand of acid (4/15)
Scrolls
 f - 2 scrolls of enchant armour
 g - 4 scrolls of identify
 h - a scroll of noise
 l - 2 scrolls of fear
 n - 2 scrolls of amnesia
 o - 2 scrolls of remove curse
 q - 3 scrolls of magic mapping
 s - 6 scrolls of fog
 u - 2 scrolls of immolation
 z - a scroll of teleportation
 A - a scroll of enchant weapon
Potions
 c - 7 potions of stamina
 d - 7 potions of magic
 i - 4 potions of agility
 j - a potion of flight
 k - 2 potions of haste
 m - 4 potions of lignification
 r - 3 potions of might
 t - a potion of brilliance
 v - 3 potions of curing
Books
 a - a book of Geomancy

   Spells                             Type                      Level
   a - Sandblast                      Earth                        1
   b - Passwall                       Transmutation/Earth          2
   c - Stone Arrow                    Earth                        2
   d - Petrify                        Transmutation/Earth          4
   e - Lee's Rapid Deconstruction     Transmutation/Earth          5
 b - a book of Frost

   Spells                             Type                      Level
   a - Freeze                         Ice                          1
   b - Throw Frost                    Conjuration/Ice              2
   c - Ozocubu's Armour               Charms/Ice                   3
   d - Throw Icicle                   Conjuration/Ice              4
   e - Summon Ice Beast               Ice/Summoning                4
 e - Tiennuc's Volume of Protection
   (You found it in a labyrinth)

   Spells                             Type                      Level
   a - Regeneration                   Charms/Necromancy            3
   b - Excruciating Wounds            Charms/Necromancy            5
   c - Ring of Flames                 Charms/Fire                  7
 p - a book of Annihilations

   Spells                             Type                      Level
   a - Poison Arrow                   Conjuration/Poison           6
   b - Chain Lightning                Conjuration/Air              8
   c - Lehudib's Crystal Spear        Conjuration/Ice/Earth        8
   d - Glaciate                       Ice                          9
   e - Fire Storm                     Fire                         9
 w - an Akashic Record

   Spells                             Type                      Level
   a - Dispersal                      Translocation/Air            6
 b - Malign Gateway Summoning/Translocation/Darkne7
 c - Disjunction Translocation/Time 8
 d - Controlled Blink Translocation 8
 x - Sif Muna's Handbook of Summoning and Light
   (You found it in a labyrinth)

   Spells                             Type                      Level
   a - Summon Guardian Golem          Hexes/Summoning/Earth        3
   b - Recall                         Summoning/Translocation      3
   c - Olgreb's Toxic Radiance        Poison/Light                 4


   Skills:
 - Level 2.6 Dodging
 - Level 1.1 Stealth
 - Level 4.5 Spellcasting
 - Level 4.1 Transmutations
 * Level 11.5 Fire Magic
 - Level 6.0 Earth Magic


You had 4 spell levels left.
You knew the following spells:

 Your Spells              Type           Power        Failure   Level  Hunger
a - Sandblast             Erth           #.........   3%          1    ##.....
b - Stone Arrow           Erth           #.........   5%          2    ##.....
c - Lee's Rapid Deconstr  Tmut/Erth      #.........   28%         5    ####...
d - Fire Storm            Fire           #.........   89%         9    #######


Dungeon Overview and Level Annotations

Branches:
Dungeon (7/7)                Lair (4/7) D:7           Swamp (0/4) Lair:3
 Shoals: Lair:2-6     Snake: Lair:2-6

Altars:
Ashenzari
Dithmenos
Hepliaklqana
Kikubaaqudgha
Makhleb
Pakellas
Ru
Uskayaw
Vehumet
Xom
Zin
The Shining One

Shops:
D:5 (   D:6 }   D:7 [


Innate Abilities, Weirdness & Mutations

You are resistant to torment.
Your stone body is resilient. (AC +9)
You are immune to poison.
You resist negative energy. (rN+)
You are resistant to electric shocks. (rElec)
You can survive without breathing.
You are immune to petrification.
You are immune to rotting.
You regenerate stamina slowly.


Message History

The giant frog hits you but does no damage.
The giant frog completely misses you. The iron troll bites you. (hp-6)
* * * LOW HITPOINT WARNING * * *; The iron troll claws you but does no damage.
The iron troll barely misses you. The giant frog closely misses you.
The iron troll completely misses you. The iron troll claws you. (hp-4)
* * * LOW HITPOINT WARNING * * *; The iron troll claws you. (hp-3)
* * * LOW HITPOINT WARNING * * *
You feel better. The giant frog hits you. (hp-6)
* * * LOW HITPOINT WARNING * * *
You are pushing your body beyond it's limits!
The stone arrow hits the iron troll. (mon hp-4)
The giant frog hits you but does no damage. x2; The iron troll bites you. (hp-5)
* * * LOW HITPOINT WARNING * * *; The iron troll claws you but does no damage.
The iron troll completely misses you.
The giant frog hits you but does no damage.
You are pushing your body beyond it's limits!
The stone arrow hits the iron troll. (mon hp-7)
The giant frog completely misses you. The iron troll bites you! (hp-8)
* * * LOW HITPOINT WARNING * * *; The iron troll claws you! (hp-11)
You die...

#.....#...#.#######...##.###...
**##..................†.......†##
≈≈≈#...........................#
≈≈≈#..†........................#
≈≈≈#........................†..#
≈≈≈≈≈≈≈≈≈≈≈≈≈≈≈≈≈.≈≈≈≈≈≈≈≈≈≈≈..#*
*≈≈≈≈≈≈≈≈≈≈#####≈.≈≈≈≈≈≈≈≈≈≈≈≈≈≈≈
#≈≈≈≈≈≈≈≈≈≈#...#≈.≈#####≈≈≈≈≈≈≈≈≈
#≈≈≈≈≈≈≈≈≈≈#:..T@†.+,,,#≈≈≈≈≈≈≈≈≈
##≈≈≈≈≈≈≈≈≈#####F.≈#,,,#≈≈≈≈≈≈≈≈≈
***≈≈≈≈≈≈≈≈≈≈≈≈≈.≈#***#≈≈≈≈≈≈≈≈≈
*,,,≈≈≈≈≈≈≈≈≈≈.≈≈≈≈≈≈≈≈≈≈≈≈≈≈≈
*,,,,,,............,,,,,,,,,*≈
*,,,,,,..............,,,,,,,**
*,,,,,,..............,,,,,,,**
****,,,,,,..............,,,,,,,**
,,,,,,,,,,,,,,,,,,,,,,,,,,,,,*,**


You could see an iron troll and a giant frog.

Vanquished Creatures
  A minotaur (Lab)
  A catoblepas (Lair:3)
  2 hydras
  A queen ant (Lair:2)
  Urug (Lair:2)
  A fire crab (Lair:4)
  An oklob plant (Lair:3)
  7 elephants (Lair:3)
  3 black mambas
  3 torpor snails
  3 komodo dragons
  3 spiny frogs
  A gargoyle (D:7)
  2 giant leeches (Lair:3)
  4 trolls (Lair:4)
  21 blink frogs
  19 yaks
  A basilisk (Lair:1)
  A human (Lair:1)
  4 hippogriffs
  A wyvern (Lair:2)
  3 swamp worms (Lair:3)
  Sigmund (D:2)
  20 soldier ants (Lair:2)
  4 water moccasins
  3 phantoms
  7 porcupines
  3 ice beasts
  4 orc warriors
  5 ogres
  7 crocodiles
  10 wolves
  4 centaurs
  11 giant frogs
  Blork the orc (D:6)
  3 scorpions (D:7)
  4 crimson imps
  6 electric eels
  A howler monkey (D:6)
  A wasp zombie (D:7)
  A giant frog zombie (D:7)
  8 hounds
  Crazy Yiuf (D:3)
  3 centaur skeletons
  A giant frog skeleton (D:7)
  2 jellies (D:6)
  2 orc priests
  13 orc wizards
  5 iguanas
  26 worker ants
  Terence (D:4)
  2 hound skeletons
  5 dart slugs
  A howler monkey skeleton (D:7)
  5 giant geckos
  2 oozes
  37 orcs
  4 worms
  20 adders
  A ball python (D:4)
  14 bats
  7 giant cockroaches
  5 gnolls (D:3)
  18 goblins
  6 hobgoblins
  11 quokkas
  33 river rats
  3 shadow imps
  2 adder skeletons (D:5)
  2 adder zombies
  A giant cockroach zombie (D:6)
  4 giant newts
  7 kobolds
  10 rats
  A fungus (D:7)
  2 plants
445 creatures vanquished.

Vanquished Creatures (others)
  A water moccasin (Lair:3)
  A porcupine (Lair:1)
  A river rat (Lair:4)
  5 fungi
  2 plants
10 creatures vanquished.

Grand Total: 455 creatures vanquished

Notes
Turn   | Place    | Note
-------+----------+-------------------------------------------
     0 | D:1      | DarthKuruptios the Gargoyle Earth Elementalist began the quest for the Orb.
     0 | D:1      | Reached XP level 1. HP: 27/27 MP: 100/100
   134 | D:1      | Reached XP level 2. HP: 34/35 MP: 92/100
   151 | D:1      | Learned a level 2 spell: Stone Arrow
   287 | D:1      | Reached XP level 3. HP: 42/43 MP: 78/100
   898 | D:2      | Found a shattered altar of Ashenzari.
  1020 | D:2      | Noticed Sigmund
  1030 | D:2      | Killed Sigmund
  1030 | D:2      | Reached XP level 4. HP: 40/51 MP: 63/100
  1032 | D:2      | Found a shimmering altar of Xom.
  1037 | D:2      | Found a radiant altar of Vehumet.
  1051 | D:2      | Became a worshipper of Vehumet
  1265 | D:2      | Found a glowing golden altar of the Shining One.
  1631 | D:3      | Reached * piety under Vehumet
  1631 | D:3      | Offered knowledge of Sting by Vehumet.
  1635 | D:3      | Reached XP level 5. HP: 37/59 MP: 39/100
  1685 | D:3      | Learned a level 5 spell: Lee's Rapid Deconstruction
  1711 | D:3      | Gained mutation: You tend to lose your temper in combat. [miscasting Lee's Rapid Deconstruction]
  1711 | D:3      | Gained mutation: Scrolls take you a little longer to read. [miscasting Lee's Rapid Deconstruction]
  1807 | D:3      | Reached skill level 1 in Transmutations
  1843 | D:3      | Found a hide-covered altar of Uskayaw.
  1939 | D:3      | Offered knowledge of Throw Frost by Vehumet.
  1941 | D:3      | Reached ** piety under Vehumet
  2148 | D:3      | Found a runed door.
  2272 | D:3      | Noticed Crazy Yiuf
  2275 | D:3      | Killed Crazy Yiuf
  2693 | D:4      | Noticed Terence
  2696 | D:4      | Killed Terence
  2886 | D:4      | Offered knowledge of Dazzling Spray by Vehumet.
  2888 | D:4      | Reached XP level 6. HP: 65/67 MP: 99/100
  3646 | D:4      | Reached *** piety under Vehumet
  4052 | D:4      | Gained mutation: You are vulnerable to heat. (rF-) [potion of mutation]
  4052 | D:4      | Gained mutation: You are weak. (Str -2) [potion of mutation]
  4052 | D:4      | Gained mutation: You are quite resistant to negative energy. (rN++) [potion of mutation]
  4053 | D:4      | Gained mutation: You passively map a small area around you. [potion of beneficial mutation]
  4132 | D:5      | Entered Level 5 of the Dungeon
  4329 | D:5      | Reached skill level 5 in Earth Magic
  4356 | D:5      | Found a faded altar of an unknown god.
  4409 | D:5      | Found Nugy's Weapon Shoppe.
  4460 | D:5      | Found a shadowy altar of Dithmenos.
  4556 | D:5      | Offered knowledge of Airstrike by Vehumet.
  4663 | D:5      | Found a glowing silver altar of Zin.
  4674 | D:5      | Reached XP level 7. HP: 75/75 MP: 100/100
  4917 | D:6      | Reached **** piety under Vehumet
  4942 | D:6      | Offered knowledge of Fulminant Prism by Vehumet.
  5022 | D:6      | Found a burning altar of Makhleb.
  5042 | D:6      | Noticed Blork the orc
  5048 | D:6      | Killed Blork the orc
  5054 | D:6      | Found a sacrificial altar of Ru.
  7296 | D:6      | Found a hazy altar of Hepliaklqana.
  7506 | D:6      | Found an oddly glowing altar of Pakellas.
  7506 | D:6      | Found Pakellas's Prime Provisions.
  7573 | D:6      | Reached XP level 8. HP: 83/83 MP: 100/100
  7635 | D:7      | Entered Level 7 of the Dungeon
  7660 | D:7      | Reached ***** piety under Vehumet
  7660 | D:7      | Offered knowledge of Fireball by Vehumet.
  7686 | D:7      | Found Laosotz's Antique Armour Boutique.
  7733 | D:7      | Found an ancient bone altar of Kikubaaqudgha.
  7815 | D:7      | Noticed a gargoyle
  7821 | D:7      | Killed a gargoyle
  8367 | D:7      | Found a staircase to the Lair.
  9279 | Lair:1   | Entered Level 1 of the Lair of Beasts
  9312 | Lair:1   | Noticed a komodo dragon
  9315 | Lair:1   | Killed a komodo dragon
  9385 | Lair:1   | Reached XP level 9. HP: 91/91 MP: 91/100
  9451 | Lair:1   | Learned a level 9 spell: Fire Storm
  9687 | Lair:1   | Reached skill level 1 in Fire Magic
  9693 | Lair:1   | Reached skill level 2 in Fire Magic
 10232 | Lair:1   | Lost mutation: You are quite resistant to negative energy. (rN++) [mutagenic glow]
 10336 | Lair:1   | Reached skill level 3 in Fire Magic
 11062 | Lair:2   | Offered knowledge of Bolt of Fire by Vehumet.
 11177 | Lair:2   | Lost mutation: You tend to lose your temper in combat. [potion of cure mutation]
 11177 | Lair:2   | Lost mutation: You are weak. (Str -2) [potion of cure mutation]
 11177 | Lair:2   | Lost mutation: You are vulnerable to heat. (rF-) [potion of cure mutation]
 11177 | Lair:2   | Lost mutation: You passively map a small area around you. [potion of cure mutation]
 11177 | Lair:2   | Lost mutation: Scrolls take you a little longer to read. [potion of cure mutation]
 11205 | Lair:2   | Reached skill level 4 in Fire Magic
 11418 | Lair:2   | Reached XP level 10. HP: 96/99 MP: 37/100
 11439 | Lair:2   | HP: 9/99 [torpor snail (17)]
 11445 | Lair:2   | Reached skill level 5 in Fire Magic
 11607 | Lair:2   | Noticed Urug
 11615 | Lair:2   | Killed Urug
 11663 | Lair:2   | Reached skill level 6 in Fire Magic
 11890 | Lair:2   | Got a dazzling helmet
 11901 | Lair:2   | Identified the +0 helmet of Springtime {*Corrode +Blink rElec Dex+4} (You found it on level 2 of the Lair of Beasts)
 11903 | Lair:2   | Noticed a queen ant
 11910 | Lair:2   | Killed a queen ant
 12091 | Lair:2   | Reached skill level 7 in Fire Magic
 12091 | Lair:2   | Reached XP level 11. HP: 100/107 MP: 97/100
 12769 | Lair:3   | Reached skill level 8 in Fire Magic
 12830 | Lair:4   | Noticed a three-headed hydra
 12852 | Lair:4   | Killed a three-headed hydra
 12877 | Lair:4   | Found a labyrinth entrance.
 12893 | Lab      | Entered a labyrinth
 14989 | Lab      | Noticed a minotaur
 15003 | Lab      | Killed a minotaur
 15005 | Lab      | Got an ancient silver ring
 15009 | Lab      | Identified the ring "Gimin" {*Contam +Fly rF++ Int+2 Stlth+} (You took it off a minotaur in a labyrinth)
 15133 | Lab      | Gained mutation: You regenerate stamina slowly. [mutagenic glow]
 15610 | Lab      | Identified Tiennuc's Volume of Protection
 15618 | Lab      | Identified Sif Muna's Handbook of Summoning and Light
 15684 | Lair:3   | Reached skill level 9 in Fire Magic
 15744 | Lair:3   | Noticed a catoblepas
 15755 | Lair:3   | Killed a catoblepas
 15755 | Lair:3   | Reached XP level 12. HP: 96/115 MP: 36/100
 15774 | Lair:3   | Offered knowledge of Spellforged Servitor by Vehumet.
 15831 | Lair:3   | Found a hide-covered altar of Uskayaw.
 15877 | Lair:3   | Got a coiled iron amulet
 15878 | Lair:3   | Identified the amulet "Piskarep" {Faith rC+ Dex+3} (You found it on level 3 of the Lair of Beasts)
 15883 | Lair:3   | Noticed a three-headed hydra
 15891 | Lair:3   | Killed a three-headed hydra
 15917 | Lair:3   | Reached ****** piety under Vehumet
 15930 | Lair:3   | Reached skill level 10 in Fire Magic
 16042 | Lair:3   | Found a staircase to the Swamp.
 16657 | Lair:4   | Reached skill level 11 in Fire Magic
 16907 | Lair:4   | Reached XP level 13. HP: 112/123 MP: 81/100
 16920 | Lair:4   | HP: 9/123 [iron troll (8)]
 16920 | Lair:4   | Slain by an iron troll

Skill      XL: |  1  2  3  4  5  6  7  8  9 10 11 12 |
---------------+-------------------------------------+-----
Earth Magic    | 4 5 6 |  6.0
Spellcasting   | 3 4 |  4.5
Transmutations | 1 2 3 4 |  4.1
Fire Magic     | 4 7 9 11 | 11.5
Dodging        | |  2.6
Stealth        | |  1.1

Action                   |  1- 3 |  4- 6 |  7- 9 | 10-12 | 13-15 || total
-------------------------+-------+-------+-------+-------+-------++-------
Melee: Staff             |       |       |       |     6 |       ||     6
 Cast: Sandblast         |    20 |     6 |    31 |    25 |       ||    82
       Stone Arrow       |    41 |   197 |   239 |   363 |     6 ||   846
       Lee's Rapid Decon |       |       |     5 |    19 |     7 ||    31
  Use: Scroll            |     2 |     9 |     6 |     7 |       ||    24
       Potion            |       |    10 |     3 |    11 |     1 ||    25
Armor: Robe              |    10 |    43 |    67 |   170 |    16 ||   306
Dodge: Dodged            |    23 |   117 |   195 |   467 |    29 ||   831
